 Dungeon Crawl Stone Soup version 0.32-a0-314-g526f7d4993 (webtiles) character file.

Game seed: 7192493372858124889

70721 jasper the Severer (level 14, -26/132 HPs)
             Began as a Mountain Dwarf Fighter on Feb 15, 2024.
             Was a High Priest of Okawaru.
             Annihilated by Donald
             ... wielding a +0 eveningstar
              (35 damage)
             ... on level 2 of the Orcish Mines.
             The game lasted 00:34:57 (17548 turns).

jasper the Severer (Mountain Dwarf Fighter)        Turns: 17548, Time: 00:34:57

Health: -26/132    AC: 51    Str: 24    XL:     14   Next: 95%
Magic:  2/7        EV:  6    Int: 15    God:    Okawaru [*****.]
Gold:   155        SH:  0    Dex: 13    Spells: 13/13 levels left

rFire   . . .        N - +4 executioner's axe (antimagic)
rCold   . . .        (shield currently unavailable)
rNeg    + + +        q - +14 crystal plate armour "Vuelim" {rElec rPois Regen+ Int+6}
rPois   +            s - +0 helmet
rElec   +            p - +1 cloak
rCorr   .            t - +2 pair of gloves
SInv    .            G - +2 pair of boots of Free Will {*Slow rN+++ Regen+ Dex+4}
Will    ++...        T - amulet of regeneration Stlth
                     C - ring of willpower
HPRegen 2.82/turn    F - ring of poison resistance
MPRegen 0.10/turn

%: slow self (1%)
@: finesse-ful
A: runic magic, artefact enchanting
a: Renounce Religion, Heroism, Finesse, Duel


You were on level 2 of the Orcish Mines.
You worshipped Okawaru.
Okawaru was extremely pleased with you.
You visited 4 branches of the dungeon, and saw 20 of its levels.

You collected 1633 gold pieces.
You spent 1478 gold pieces at shops.

Inventory:

Hand Weapons
 N - a +4 antimagic executioner's axe (weapon)
 Y - a +0 battleaxe
Missiles
 c - 5 darts of dispersal
 i - 189 stones
 m - 68 poisoned darts
 n - 13 atropa-tipped darts
 v - 11 boomerangs (quivered)
 z - 2 datura-tipped darts
 L - 17 javelins
 R - a throwing net
 W - 2 silver javelins
Armour
 p - a +1 cloak (worn)
 q - the +14 crystal plate armour "Vuelim" (worn) {rElec rPois Regen+ Int+6}
   (Okawaru gifted it to you on level 4 of the Lair of Beasts)

   Int+6:     It affects your intelligence (+6).
   rElec:     It insulates you from electricity.
   rPois:     It protects you from poison Regen+: It increases your rate of
   health regeneration.
 s - a +0 helmet (worn)
 t - a +2 pair of gloves (worn)
 G - the +2 pair of boots of Free Will (worn) {*Slow rN+++ Regen+ Dex+4}
   (You bought it in a shop on level 2 of the Orcish Mines)

   Dex+4:     It affects your dexterity (+4).
   rN+++:     It renders you almost immune to negative energy.
   Regen+:    It increases your rate of health regeneration.
   *Slow:     It may slow you when you take damage.
Jewellery
 l - a ring of ice
 C - a ring of willpower (left hand)
 F - a ring of poison resistance (right hand)
 S - a ring of fire
 T - an amulet of regeneration (around neck)
Wands
 b - a wand of digging (7)
 D - a wand of paralysis (9)
 H - a wand of polymorph (5)
 K - a wand of iceblast (9)
 Q - a wand of quicksilver (12)
 X - a wand of flame (32)
Scrolls
 a - 4 scrolls of poison
 f - 12 scrolls of teleportation
 k - 4 scrolls of silence
 r - 2 scrolls of noise
 u - 3 scrolls of fear
 y - a scroll of vulnerability
 B - 4 scrolls of immolation
 E - 6 scrolls of blinking
 M - 3 scrolls of enchant armour
 U - a scroll of revelation
Potions
 d - 4 potions of attraction
 e - a potion of cancellation
 g - 12 potions of curing
 j - a potion of might
 o - 2 potions of invisibility
 w - 6 potions of enlightenment
 x - 4 potions of mutation
 A - 2 potions of lignification
 I - 2 potions of magic
 J - 3 potions of berserk rage
 O - 4 potions of heal wounds
 P - 4 potions of ambrosia
 V - 2 potions of resistance


   Skills:
 + Level 14.2 Fighting
 * Level 19.9 Axes
 - Level 5.0 Throwing
 + Level 17.3 Armour
 - Level 3.2 Shields
 - Level 12.0 Invocations


You had 13 spell levels left.
You didn't know any spells.
Your spell library contained the following spells:

 Spells                   Type           Power      Damage    Failure   Level
 Kiss of Death            Conj/Necr      0%         2d5       50%         1
 Sandblast                Erth           0%         2d4       50%         1
 Slow                     Hex            0%         N/A       50%         1
 Blink                    Tloc           0%         N/A       65%         2
 Lesser Beckoning         Tloc           0%         N/A       65%         2
 Momentum Strike          Conj/Tloc      0%         3d8       65%         2
 Static Discharge         Conj/Air       0%         3-3/arc   65%         2
 Confusing Touch          Hex            0%         N/A       86%         3
 Frozen Ramparts          Ice            0%         1d1       86%         3
 Hailstorm                Conj/Ice       0%         3d5       86%         3
 Mephitic Cloud           Conj/Alch/Air  0%         N/A       86%         3
 Passwall                 Erth           0%         N/A       86%         3
 Sigil of Binding         Hex            0%         N/A       86%         3
 Stone Arrow              Conj/Erth      0%         3d7       86%         3
 Vampiric Draining        Necr           0%         2d6       86%         3
 Brom's Barrelling Bould  Conj/Erth      0%         2d3       99%         4
 Dispel Undead            Necr           0%         3d6       99%         4
 Leda's Liquefaction      Alch/Erth      0%         N/A       99%         4
 Petrify                  Alch/Erth      0%         N/A       99%         4
 Iskenderun's Battlesphe  Conj           0%         2d6       100%        5
 Lee's Rapid Deconstruct  Erth           0%         3d4*      100%        5
 Metabolic Englaciation   Hex/Ice        0%         N/A       100%        5
 Disjunction              Tloc           0%         N/A       100%        8
 Summon Ice Beast         Ice/Summ       Unusable   N/A       N/A         3
 Sculpt Simulacrum        Ice/Alch       Unusable   N/A       N/A         6

Dungeon Overview and Level Annotations

Branches:
Dungeon (12/15)            Temple (1/1) D:5            Lair (5/5) D:8
 Shoals (0/4) Lair:2       Spider (0/4) Lair:2        Slime (0/5) Lair:5
    Orc (2/2) D:12            Elf (0/3) Orc:2

Altars:
Ashenzari
Cheibriados
Dithmenos
Elyvilon
Fedhas
Gozag
Hepliaklqana
Kikubaaqudgha
Makhleb
Nemelex Xobeh
Okawaru
Qazlal
Ru
Sif Muna
Trog
Uskayaw
Vehumet
Wu Jian
Xom
Yredelemnul
Zin
The Shining One
Beogh
Jiyva

Shops:
Orc:1 [   Orc:2 [:?:

Annotations:
D:7 2 transporters
Temple 2 transporters
Lair:3 Josephine, Rupert
Lair:5 exclusion: oklob plant
Orc:2 Donald


Innate Abilities, Weirdness & Mutations

Your spellcasting is much less encumbered by armour.
You can use scrolls of enchantment on lesser artefacts.


Message History

You slash Donald!
Donald's magic leaks into the air.
Donald is almost dead.
You closely miss the kobold blastminer.
The kobold blastminer blasts its cannon at you.
The iron shot hits you!
The kobold blastminer is knocked back by the blast.
A kobold blastminer comes into view.
The kobold blastminer shoots a bolt.
The bolt hits you.
* * * LOW HITPOINT WARNING * * *
Donald hits you but does no damage.
The kobold blastminer blasts its cannon at you.
The iron shot hits you but does no damage.
You take 18 damage, and have 37/132 hp.
Donald blocks your attack.
Donald is almost dead.
The centaur wields a +0 orcbow.
The centaur shoots an arrow.
The arrow hits you!
* * * LOW HITPOINT WARNING * * *
You take 7 damage, and have 30/132 hp.
You hit Donald but do no damage.
Donald is almost dead.
Donald says, "Okawaru always makes me think of chokos."
Donald hits you with a +0 eveningstar!
* * * LOW HITPOINT WARNING * * *
The kobold blastminer shoots a bolt.
The bolt hits you.
* * * LOW HITPOINT WARNING * * *
You take 14 damage, and have 16/132 hp.
You feel much better.
The centaur shoots an arrow.
The arrow barely misses you. Donald hits you with a +0 eveningstar.
* * * LOW HITPOINT WARNING * * *
The kobold blastminer blasts its cannon at you.
The iron shot hits you!!
* * * LOW HITPOINT WARNING * * *
The kobold blastminer is knocked back by the blast.
The kobold blastminer shoots an arrow.
The arrow completely misses you.
The orc shoots an arrow.
The arrow barely misses you.
The kobold blastminer shoots a bolt.
The bolt hits you but does no damage. Donald hits you with a +0 eveningstar!!
You die...
Donald says, "I won.
I... don't hate that."

≈≈≈≈# ##∩## ≈ ..≈≈≈≈
####≈ ≈≈.... ....
....≈≈≈ #≈≈≈ .... ...#
.....≈≈# #≈≈. ..K. ...#
..##...###...##..##..##.
...............o.......
.............oKKc.....
.................@.##
...............K@..K#
....>............).##
....................#
....................#
..............##.......
..............#...#....
.....#.......###...##.##
......#.......##...# ##
...............##.##


You could see Donald (fast, strong, magic disrupted), 5 kobold blastminers, an
orc warrior, a centaur and an orc.

Vanquished Creatures
  Jorgrun (Orc:1)
  Kirke (Lair:2)
  Snorg (D:10)
  An ettin (Orc:1)
  Fannar (Orc:1)
  A boulder beetle (Lair:1)
  6 hydras
  3 two-headed ogres
  5 death yaks
  Urug (Orc:1)
  Lodul (D:10)
  2 lindwurms (Lair:2)
  An orc knight (Orc:1)
  2 orc sorcerers
  2 wolf spiders (Lair:5)
  2 manticores
  18 elephants
  A guardian serpent (Lair:5)
  4 kobold blastminers (Orc:2)
  9 black mambas
  13 cane toads
  2 torpor snails
  Maggie (D:8)
  A gargoyle (D:11)
  A kobold demonologist (D:10)
  4 rime drakes
  8 komodo dragons
  Psyche (D:8)
  4 trolls
  4 hornets
  A wind drake (Lair:2)
  3 polar bears
  19 dream sheep
  21 blink frogs
  6 slime creatures (D:12)
  A jumping spider (Lair:2)
  A spriggan (Lair:5)
  33 yaks
  2 wraiths
  2 shadows
  4 hogs
  15 wyverns
  A steam dragon (D:10)
  3 basilisks
  A warg (Orc:2)
  5 redbacks
  5 vampire mosquitoes
  An acid dragon (D:8)
  25 water moccasins
  2 sky beasts
  36 orc warriors
  4 black bears
  8 centaurs
  14 ogres
  12 wolves
  2 phantoms
  5 kobold brigands
  10 bullfrogs
  4 gnoll sergeants
  A scorpion (D:8)
  A howler monkey (D:10)
  3 bombardier beetles (D:5)
  8 hounds
  8 orc priests
  6 jellies
  A sleepcap (D:5)
  An iguana (D:3)
  15 orc wizards
  7 hell rats (Lair:2)
  Robin (D:4)
  4 adders
  22 gnolls
  2 shadow imps
  A white imp (D:7)
  2 ufetubi (D:7)
  5 dart slugs
  2 ribbon worms
  49 orcs
  7 endoplasms
  A giant cockroach (D:1)
  9 goblins
  11 hobgoblins
  3 jackals (D:2)
  2 quokkas (D:1)
  6 ball pythons
  3 bats
  A frilled lizard (D:1)
  22 kobolds
  A rat (D:1)
553 creatures vanquished.

Vanquished Creatures (others)
  An orc wizard (Orc:1)
1 creature vanquished.

Grand Total: 554 creatures vanquished

Notes
Turn   | Place    | Note
-------+----------+-------------------------------------------
     0 | D:1      | jasper the Mountain Dwarf Fighter began the quest for the
                  | Orb.
     0 | D:1      | Reached XP level 1. HP: 19/19 MP: 1/1
    76 | D:1      | Reached skill level 3 in Axes
    91 | D:1      | Reached XP level 2. HP: 26/26 MP: 2/2
    93 | D:1      | Got Sif Muna's Guidebook on Tectonic Blasts
   594 | D:1      | Reached skill level 4 in Axes
   798 | D:2      | Reached XP level 3. HP: 30/31 MP: 3/3
  1162 | D:2      | Reached skill level 5 in Axes
  1396 | D:2      | Reached XP level 4. HP: 27/38 MP: 4/4
  1513 | D:4      | Reached skill level 6 in Axes
  1578 | D:4      | Found a white marble altar of Elyvilon.
  1605 | D:4      | Found a sacrificial altar of Ru.
  1608 | D:4      | Became a worshipper of Ru the Awakened
  1617 | D:4      | Noticed a phantom
  1624 | D:4      | Killed a phantom
  1625 | D:4      | Reached skill level 7 in Axes
  1625 | D:4      | Reached XP level 5. HP: 41/45 MP: 5/5
  1670 | D:4      | Noticed an ogre
  1716 | D:4      | Noticed Robin
  1735 | D:4      | Killed an ogre
  1736 | D:4      | Reached XP level 6. HP: 38/51 MP: 6/6
  1739 | D:4      | Killed Robin
  1915 | D:4      | Reached skill level 8 in Axes
  2339 | D:5      | Entered Level 5 of the Dungeon
  2448 | D:5      | Reached skill level 9 in Axes
  2531 | D:5      | Reached XP level 7. HP: 54/57 MP: 7/7
  2897 | D:5      | Found a staircase to the Ecumenical Temple.
  2916 | Temple   | Found a transporter.
  2916 | Temple   | Found a transporter.
  2916 | Temple   | Found a transporter.
  2916 | Temple   | Found a transporter.
  2916 | Temple   | Entered the Ecumenical Temple
  3102 | Temple   | Fell from the grace of Ru
  3102 | Temple   | Became a worshipper of Warmaster Okawaru
  3125 | D:5      | Reached skill level 10 in Axes
  3201 | D:5      | Reached skill level 5 in Armour
  3252 | D:5      | Got Fumam's Vellum of Virulence and the Traveller
  3397 | D:5      | Reached XP level 8. HP: 49/67 MP: 8/8
  3553 | D:5      | Reached * piety under Okawaru
  4144 | D:6      | Reached skill level 5 in Fighting
  4144 | D:6      | Reached skill level 11 in Axes
  5334 | D:3      | Found Zin's Purification Station.
  5337 | D:3      | Found a glowing silver altar of Zin.
  5340 | D:3      | Bought a potion of curing for 90 gold pieces
  5531 | D:7      | Found a transporter.
  5711 | D:7      | Noticed a kobold demonologist
  5720 | D:7      | Found a transporter.
  5754 | D:7      | Reached XP level 9. HP: 56/75 MP: 9/9
  5767 | D:7      | Reached skill level 12 in Axes
  5867 | D:7      | Identified the +2 buckler of Ennui {Slay+5 SInv}
  5890 | D:7      | Noticed a two-headed ogre
  5901 | D:7      | Killed a two-headed ogre
  5901 | D:7      | Reached ** piety under Okawaru
  6386 | D:8      | Noticed Maggie
  6397 | D:8      | Killed Maggie
  6398 | D:8      | Reached skill level 13 in Axes
  6436 | D:8      | Noticed Psyche
  6442 | D:8      | Killed Psyche
  6460 | D:8      | Noticed a komodo dragon
  6480 | D:8      | Killed a komodo dragon
  6522 | D:8      | Reached skill level 10 in Armour
  6694 | D:8      | Reached *** piety under Okawaru
  6695 | D:8      | Reached XP level 10. HP: 86/86 MP: 10/10
  7023 | D:8      | Found a staircase to the Lair.
  7023 | D:8      | Noticed an elephant
  7040 | D:8      | Killed an elephant
  7041 | D:8      | Reached skill level 14 in Axes
  7871 | D:9      | Noticed a two-headed ogre
  7877 | D:9      | Killed a two-headed ogre
  8086 | D:9      | Reached skill level 15 in Axes
  8540 | D:9      | Noticed a two-headed ogre
  8548 | D:9      | Killed a two-headed ogre
  8548 | D:9      | Reached **** piety under Okawaru
  8599 | D:10     | Entered Level 10 of the Dungeon
  8670 | D:10     | Identified the staff of Indomitability {*Slow rElec rPois
                  | rF++ Will+ Air}
  8882 | D:10     | Noticed Snorg
  9050 | D:10     | Reached XP level 11. HP: 97/97 MP: 11/11
  9111 | D:10     | Found a hazy altar of Hepliaklqana.
  9377 | D:11     | Reached ***** piety under Okawaru
  9490 | D:11     | Reached skill level 16 in Axes
  9498 | D:11     | Reached skill level 1 in Invocations
  9518 | D:11     | Reached skill level 1 in Throwing
 10316 | Lair:1   | Entered Level 1 of the Lair of Beasts
 10378 | Lair:1   | Reached skill level 5 in Invocations
 10594 | Lair:1   | Noticed a boulder beetle
 10632 | Lair:1   | Killed a boulder beetle
 10632 | Lair:1   | Received a gift from Okawaru
 10698 | Lair:1   | Found a hide-covered altar of Uskayaw.
 10698 | Lair:1   | Found an ornate altar of the Wu Jian Council.
 10796 | Lair:1   | Reached skill level 5 in Throwing
 11312 | Lair:2   | Noticed an eight-headed hydra
 11320 | Lair:2   | Killed an eight-headed hydra
 11321 | Lair:2   | Reached XP level 12. HP: 85/105 MP: 10/18
 11426 | Lair:2   | Noticed a death yak
 11433 | Lair:2   | Noticed a death yak
 11450 | Lair:2   | Killed a death yak
 11451 | Lair:2   | Reached skill level 10 in Invocations
 11471 | Lair:2   | Killed a death yak
 11475 | Lair:2   | Received a gift from Okawaru
 11558 | Lair:2   | Found a staircase to the Shoals.
 11872 | Lair:2   | Found a hole to the Spider Nest.
 11880 | Lair:2   | Reached skill level 10 in Fighting
 12112 | Lair:2   | Received a gift from Okawaru
 12514 | Lair:3   | Noticed Josephine
 12537 | Lair:3   | Noticed Rupert
 12597 | Lair:3   | Noticed Kirke
 12649 | Lair:2   | Reached skill level 15 in Armour
 12659 | Lair:2   | Killed Kirke
 12681 | Lair:3   | Reached XP level 13. HP: 116/116 MP: 22/22
 12956 | Lair:4   | Received a gift from Okawaru
 13019 | Lair:4   | Reached ****** piety under Okawaru
 13020 | Lair:4   | Acquired a +4 antimagic executioner's axe
 13020 | Lair:4   | Received a gift from Okawaru
 13023 | Lair:4   | Acquired the +14 crystal plate armour "Vuelim" {rElec rPois
                  | Regen+ Int+6}
 13023 | Lair:4   | Received a gift from Okawaru
 13567 | Lair:4   | Received a gift from Okawaru
 14046 | Lair:5   | Entered Level 5 of the Lair of Beasts
 14079 | Lair:5   | Found a viscous altar of Jiyva.
 14080 | Lair:5   | Found a staircase to the Slime Pits.
 14186 | Lair:5   | Reached skill level 17 in Axes
 14336 | Lair:5   | Found a shadowy altar of Dithmenos.
 14459 | Lair:5   | Received a gift from Okawaru
 14727 | Lair:5   | Reached XP level 14. HP: 116/127 MP: 7/23
 14790 | Lair:5   | Received a gift from Okawaru
 14793 | Lair:5   | Reached skill level 18 in Axes
 16115 | D:10     | Noticed Lodul
 16120 | D:10     | Killed Lodul
 16120 | D:10     | Received a gift from Okawaru
 16465 | D:10     | Reached skill level 19 in Axes
 16481 | D:10     | Killed Snorg
 16689 | D:10     | Found a snail-covered altar of Cheibriados.
 16830 | D:12     | Found a staircase to the Orcish Mines.
 16842 | Orc:1    | Entered Level 1 of the Orcish Mines
 16955 | Orc:2    | Entered Level 2 of the Orcish Mines
 16964 | Orc:2    | Found a shimmering altar of Xom.
 16979 | Orc:1    | Noticed Fannar
 16979 | Orc:1    | Noticed Jorgrun
 16979 | Orc:1    | Found Seewkoos's Armour Shop.
 16997 | Orc:1    | Killed Jorgrun
 17002 | Orc:1    | Killed Fannar
 17007 | Orc:1    | Noticed Urug
 17016 | Orc:1    | Killed Urug
 17030 | Orc:1    | Received a gift from Okawaru
 17141 | Orc:1    | Found a roughly hewn altar of Beogh.
 17355 | Orc:2    | Found Ruasup's Book Boutique.
 17355 | Orc:2    | Found Biar's Magic Scroll Emporium.
 17363 | Orc:2    | Found Hile's Book Shoppe.
 17365 | Orc:2    | Found Dujaomo's Distillery.
 17372 | Orc:2    | Bought a scroll of immolation for 44 gold pieces
 17372 | Orc:2    | Bought a scroll of enchant armour for 82 gold pieces
 17372 | Orc:2    | Bought a scroll of immolation for 44 gold pieces
 17372 | Orc:2    | Bought a scroll of teleportation for 33 gold pieces
 17372 | Orc:2    | Bought a scroll of poison for 44 gold pieces
 17372 | Orc:2    | Bought a scroll of blinking for 82 gold pieces
 17379 | Orc:2    | Bought a potion of heal wounds for 55 gold pieces
 17379 | Orc:2    | Bought a potion of heal wounds for 55 gold pieces
 17379 | Orc:2    | Bought a potion of berserk rage for 55 gold pieces
 17379 | Orc:2    | Bought a potion of curing for 33 gold pieces
 17379 | Orc:2    | Bought a potion of resistance for 110 gold pieces
 17379 | Orc:2    | Bought a potion of enlightenment for 55 gold pieces
 17379 | Orc:2    | Bought 2 potions of heal wounds for 110 gold pieces
 17379 | Orc:2    | Bought a potion of magic for 88 gold pieces
 17427 | Orc:2    | Found Ramanian's Armour Shoppe.
 17430 | Orc:2    | Bought the +2 pair of boots of Free Will {*Slow rN+++
                  | Regen+ Dex+4} for 498 gold pieces
 17499 | Orc:2    | Found a staircase to the Elven Halls.
 17530 | Orc:2    | Noticed Donald
 17548 | Orc:2    | Annihilated by Donald

Illustrated notes

Levels and vault maps discovered:
D:1:      amcnicky_arrival_choice, layout_loops_ring, serial_shops, shop
D:2:      layout_loops_ring
D:3:      layout_basic, zin_purify, minmay_misc_feat_iff, chequers_arboretum
D:4:      layout_loops_cross, mainiacjoe_overflow_swirl, uniq_robin
D:5:      layout_basic, minmay_temple_entry_junction_2,
          serial_library_hellmonk_secret_room, minmay_starry_boxes
D:6:      layout_basic
D:7:      gammafunk_wand_slinger, layout_cave_pools, dreamdust_gnoll_farm
D:8:      layout_layer_cave, grunt_lair_entry_orc_guard_hut, minivault_24,
          uniq_maggie, uniq_psyche
D:9:      layout_basic
D:10:     layout_basic, hangedman_feature_mirror, uniq_snorg, uniq_lodul
D:11:     layout_basic
D:12:     layout_cross
Temple:   hellmonk_temple_divided_pantheon
Lair:1:   layout_loops_ring, nzn_masters_of_martial_movement,
          infiniplex_staircase_pool_2
Lair:2:   layout_chaotic_city, minmay_shoals_entry_beasts,
          spider_nest_entry_funnel_web, nicolae_lair_lindhole,
          grunt_megastairs_1
Lair:3:   layout_long_grid, minmay_lindwurm_lava, serial_bayou_shore_b,
          uniq_josephine, uniq_rupert, uniq_kirke
Lair:4:   layout_regular_city
Lair:5:   hangedman_lair_tendril_chambers, layout_layer_cave,
          nicolae_slime_entry_field_trip, basic_altar, minmay_lair_oklob_items,
          st_stairs_12, grunt_forest_large_clearings
Orc:1:    layout_caves, basic_altar, serial_shops, shop, uniq_fannar, uniq_urug,
          uniq_jorgrun, uniq_erolcha
Orc:2:    st_orc_rangers, layout_caves, basic_altar, serial_shops,
          nicolae_shop_behind_doors, nicolae_orc_crystal_geode, uniq_donald

Skill      XL: |  1  2  3  4  5  6  7  8  9 10 11 12 13 14 |
---------------+-------------------------------------------+-----
Axes           | 3 4 5 7 9 10 11 13 15 16 17 19 | 19.9
Armour         | 5 7 10 12 15 16 17 | 17.3
Fighting       | 4 5 7 9 11 12 14 | 14.2
Invocations    | 8 12 | 12.0
Throwing       | 5 |  5.0
Shields        | |  3.2

Action                     |  1- 3 |  4- 6 |  7- 9 | 10-12 | 13-15 || total
---------------------------+-------+-------+-------+-------+-------++-------
  Melee: War axe           |    91 |    94 |   302 |   597 |    52 ||  1136
         Morningstar       |       |       |       |     5 |    22 ||    27
         Battleaxe         |       |       |       |       |   147 ||   147
         Executioner's axe |       |       |       |       |   491 ||   491
  Throw: Stone             |     2 |       |       |       |       ||     2
         Dart              |     2 |       |       |       |       ||     2
         Boomerang         |       |    30 |    49 |   122 |    70 ||   271
 Invoke: Heroism           |       |       |     7 |     5 |     3 ||    15
         Finesse           |       |       |       |     3 |     6 ||     9
         Receive Weapon    |       |       |       |       |     1 ||     1
         Receive Armour    |       |       |       |       |     1 ||     1
  Evoke: Wand              |       |       |       |     1 |       ||     1
    Use: Scroll            |       |    10 |     7 |     7 |     4 ||    28
         Potion            |       |     4 |     1 |     1 |     1 ||     7
 Armour: Scale mail        |     9 |       |       |       |       ||     9
         Chain mail        |    75 |    67 |   234 |   100 |       ||   476
         Skin              |       |     9 |       |       |       ||     9
         Plate armour      |       |       |       |   398 |    52 ||   450
         Crystal plate arm |       |       |       |       |   996 ||   996
  Dodge: Dodged            |    42 |    31 |    93 |   182 |   279 ||   627
  Block: Buckler           |    21 |    14 |    57 |   169 |    13 ||   274

Table legend: (Time is in decaauts)
 A = Elapsed time spent in this place.
 B = Non-inter-level travel time spent in this place.
 C = Inter-level travel time spent in this place.
 D = Time resting spent in this place.
 E = Time spent auto-exploring this place.
 F = Levels seen in this place.
 G = Mean time per level.
                   A        B        C        D        E       F      G
               +--------+--------+--------+--------+--------+-----+--------+
         Total |  17360 |  16270 |   1090 |   1597 |  10737 |  20 |  868.0 |
       Dungeon |  11042 |  10238 |    804 |   1120 |   7013 |  12 |  920.2 |
        Temple |    203 |    203 |      0 |    152 |      0 |   1 |  203.0 |
          Lair |   5441 |   5183 |    258 |    325 |   3364 |   5 | 1088.2 |
  Orcish Mines |    673 |    645 |     28 |      0 |    360 |   2 |  336.5 |
               +--------+--------+--------+--------+--------+-----+--------+

Top non-repeatable levels by time:
  Lair:5: 1690 daAuts
     D:5: 1494 daAuts
     D:9: 1407 daAuts
  Lair:2: 1298 daAuts
    D:10: 1254 daAuts
  Lair:4: 1158 daAuts
     D:8: 1115 daAuts
    D:11: 1083 daAuts
     D:4: 997 daAuts
  Lair:1: 995 daAuts
     D:7: 774 daAuts
     D:6: 768 daAuts
     D:2: 748 daAuts
     D:1: 718 daAuts
     D:3: 621 daAuts
